 Dungeon Crawl Stone Soup version 0.18-a0-1718-g40ea4b6 (webtiles) character file.

6278 nubinia the Thaumaturge (level 10, -7/52 HPs)
             Began as a Deep Elf Earth Elementalist on Apr 8, 2016.
             Was a High Priest of Sif Muna.
             Mangled by a freezing wraith (13 damage)
             ... in an ice cave.
             The game lasted 01:11:20 (12994 turns).

nubinia the Thaumaturge (DEEE)                     Turns: 12994, Time: 01:11:21

Health: -7/52      AC: 10    Str:  5    XL:     10   Next: 63%
Magic:  0/30       EV: 14    Int: 23    God:    Sif Muna [*****.]
Gold:   426        SH:  0    Dex: 16    Spells: 8 memorised, 16 levels left

rFire  + . .     SeeInvis .     b - 97 stones
rCold  + . .     Gourm    .     G - +2 robe {rC+}
rNeg   . . .     Faith    .     (no shield)
rPois  .         Spirit   +     D - +0 helmet
rElec  .         Dismiss  .     W - +1 cloak
rCorr  .         Reflect  .     (no gloves)
SustAt .         Harm     .     k - +2 pair of boots {run}
MR     ++...                    X - amulet of guardian spirit
Stlth  +++.......               (no ring)
                                z - ring of protection from fire

@: slowed, very slow, very resistant to hostile enchantments, fairly stealthy
A: magic resistance 1, regeneration 1
a: Channel Energy, Forget Spell, Renounce Religion


You were in an ice cave.
You worshipped Sif Muna.
Sif Muna was extremely pleased with you.
You were near starving.

You visited 2 branches of the dungeon, and saw 9 of its levels.
You also visited: Ossuary and Ice Cave.

You collected 426 gold pieces.

Inventory:

Hand Weapons
 a - a +2 short sword of draining
 l - a +0 hunting sling of freezing
 x - a cursed -1 short sword
 B - a +0 blowgun
 J - a +1 dagger of flaming
 O - a +2 dagger of speed
Missiles
 b - 97 stones (in hand)
 w - 14 poisoned needles
Armour
 k - a +2 pair of boots of running (worn)
 p - a +0 cloak
 D - a +0 helmet (worn)
 G - a +2 robe of cold resistance (worn)
 K - the +1 pair of boots "Nolao" {Str+3}
   (You found it on level 6 of the Dungeon)

   It affects your strength (+3).
 W - a +1 cloak (worn)
Jewellery
 z - a ring of protection from fire (left hand)
 X - an amulet of guardian spirit (around neck)
Wands
 s - a wand of lightning (5/15)
 u - a wand of iceblast (7/15)
 v - a wand of flame (27/48)
 E - a wand of lightning (6/15)
 H - a wand of lightning (8/15)
 T - a wand of lightning (7/15)
Scrolls
 e - 5 scrolls of enchant weapon
 j - a scroll of enchant armour
 t - 5 scrolls of remove curse
 L - 4 scrolls of blinking
 P - 2 scrolls of teleportation
Potions
 m - 5 potions of curing
 o - a potion of cancellation
 q - 5 potions of agility
 r - a potion of cure mutation
 A - a potion of resistance
 N - 2 potions of ambrosia
 R - 3 potions of heal wounds
 S - 3 potions of berserk rage
 V - a potion of flight
 Y - 2 potions of might
Comestibles
 d - 10 bread rations
 f - 6 meat rations
 h - 4 beef jerkies
 F - 9 fruits
 Q - a slice of pizza


   Skills:
 + Level 1.0 Fighting
 + Level 1.0 Short Blades
 + Level 1.5 Throwing
 + Level 4.2 Dodging
 + Level 4.9 Stealth
 * Level 14.3 Spellcasting
 * Level 4.9 Conjurations
 + Level 1.5 Transmutations
 + Level 3.7 Air Magic
 + Level 9.5 Earth Magic
 + Level 1.0 Invocations


You had 16 spell levels left.
You knew the following spells:

 Your Spells              Type           Power        Failure   Level  Hunger
a - Sandblast             Erth           ######       1%          1    None
b - Stone Arrow           Conj/Erth      #####.       1%          3    None
c - Mephitic Cloud        Conj/Pois/Air  ####....     4%          3    None
d - Shock                 Conj/Air       ####         1%          1    None
e - Petrify               Trmt/Erth      #####...     4%          4    None
f - Lee's Rapid Deconstr  Erth           ######....   1%          5    ###....
g - Passwall              Trmt/Erth      #####.....   1%          2    None
p - Cure Poison           Pois           ###.......   6%          2    None


Dungeon Overview and Level Annotations

Branches:
Dungeon (8/15)             Temple (0/1) D:4            Lair (1/8) D:8

Altars:
Ashenzari
Elyvilon
Kikubaaqudgha
Makhleb
Nemelex Xobeh
Okawaru
Sif Muna
Trog
Yredelemnul

Shops:
D:5 (*

Annotations:
D:2 Natasha
D:7 exclusion: player ghost, barb4r1an's ghost, novice HOFi


Innate Abilities, Weirdness & Mutations

You are resistant to hostile enchantments.
Your natural rate of healing is unusually fast.


Message History

The freezing wraith hits you! The freezing wraith drains your vigour!
You feel as though you will be slow longer.
The freezing wraith hits you. The freezing wraith freezes you! You resist.
The freezing wraith barely misses you.
Unknown command.
Unknown command.
Unknown command.
Casting: Stone Arrow
Confirm with . or Enter, or press ? or * to list all spells.
Aiming: Sandblast
Press: ? - help, Shift-Dir - straight line, f/p - freezing wraith
Aim: a freezing wraith (severely damaged)
The rocky blast hits the freezing wraith.
The freezing wraith is severely damaged.
The freezing wraith hits you.
* * * LOW HITPOINT WARNING * * *
The freezing wraith freezes you! You resist.
* * * LOW HITPOINT WARNING * * *
The freezing wraith hits you!
You die...

###....##
###.......#
##...###..##
##...###..##
##...###..##
###...###...#
##....##
#..## #....##
#...### ##
#.@###
##....###.
#.W.#
##.......
##...#
####....
###... ##...
##.. ##..
#... ##. ##.
## #


You could see a freezing wraith.

Vanquished Creatures
  The ghost of abixa the Grappler, a journeyman TrWr of Okawaru (IceCv)
  Pikel (D:5)
  2 freezing wraiths (IceCv)
  A wolf spider simulacrum (IceCv)
  A hippogriff (D:8)
  A death yak simulacrum (IceCv)
  Menkaure (D:7)
  Edmund (D:4)
  Duvessa (D:5)
  An orc warrior (D:8)
  A phantom (D:6)
  2 sky beasts
  6 ice beasts
  3 centaurs
  6 ogres
  Blork the orc (D:5)
  4 giant frogs
  A gnoll sergeant (D:6)
  3 water moccasin zombies (Ossuary)
  Dowan (D:5)
  A scorpion (D:6)
  A giant frog zombie (D:6)
  2 crimson imps
  A centaur zombie (D:5)
  A giant frog skeleton (D:4)
  3 hounds
  2 centaur skeletons
  An orc priest (D:3)
  3 jellies
  4 orc wizards
  Ijyb (D:2)
  5 iguanas
  3 worker ants
  Natasha (D:2)
  A polar bear simulacrum (IceCv)
  Terence (D:2)
  A wolf simulacrum (IceCv)
  3 big kobold zombies (Ossuary)
  A hound skeleton (D:7)
  2 mummies (Ossuary)
  A worker ant zombie (D:3)
  Robin (D:4)
  18 adders
  8 gnolls
  17 white imps
  An ooze (D:4)
  6 adder zombies
  3 worms
  10 giant geckos
  17 orcs
  4 giant cockroaches
  4 gnoll zombies (Ossuary)
  14 goblins
  7 hobgoblins
  14 jackals
  3 quokkas
  2 ball pythons
  5 bats
  6 giant newts
  4 hobgoblin zombies (Ossuary)
  8 kobolds
  6 kobold zombies (Ossuary)
  3 orc zombies (Ossuary)
  7 rats
246 creatures vanquished.

Vanquished Creatures (others)
  A howler monkey (D:5)
1 creature vanquished.

Grand Total: 247 creatures vanquished

Notes
Turn   | Place    | Note
--------------------------------------------------------------
     0 | D:1      | nubinia the Deep Elf Earth Elementalist began the quest for the Orb.
     0 | D:1      | Reached XP level 1. HP: 10/10 MP: 6/6
   386 | D:1      | Reached XP level 2. HP: 15/15 MP: 5/8
   499 | D:1      | Learned a level 2 spell: Passwall
  1332 | D:1      | Reached XP level 3. HP: 19/19 MP: 3/10
  1337 | D:1      | Learned a level 3 spell: Stone Arrow
  1666 | D:2      | Noticed Natasha
  1737 | D:2      | Killed Natasha
  1737 | D:2      | Reached skill level 4 in Spellcasting
  1737 | D:2      | Reached XP level 4. HP: 20/24 MP: 9/12
  1844 | D:2      | Found a burning altar of Makhleb.
  2158 | D:2      | Noticed Ijyb
  2225 | D:2      | Noticed Terence
  2225 | D:2      | Noticed Natasha
  2322 | D:2      | Killed Ijyb
  2404 | D:2      | Reached skill level 5 in Earth Magic
  2501 | D:2      | Killed Terence
  2691 | D:2      | Reached XP level 5. HP: 28/28 MP: 7/14
  3167 | D:3      | Reached skill level 5 in Spellcasting
  4217 | D:3      | Noticed a centaur
  4228 | D:3      | Killed a centaur
  4228 | D:3      | Reached skill level 6 in Spellcasting
  4228 | D:3      | Reached XP level 6. HP: 13/33 MP: 13/17
  4426 | D:3      | Found a deep blue altar of Sif Muna.
  4433 | D:3      | Became a worshipper of Sif Muna the Loreminder
  4772 | D:3      | Identified Sif Muna's Incunabulum of Changing and the Birds
  4777 | D:3      | Learned a level 1 spell: Shock
  4782 | D:3      | Learned a level 4 spell: Petrify
  4788 | D:3      | Learned a level 5 spell: Lee's Rapid Deconstruction
  5180 | D:4      | Noticed Edmund
  5255 | D:4      | Reached XP level 7. HP: 35/37 MP: 15/18
  5467 | D:4      | Found an ancient bone altar of Kikubaaqudgha.
  5604 | D:4      | Found a staircase to the Ecumenical Temple.
  5729 | D:4      | Noticed Robin
  5931 | D:4      | Found a basalt altar of Yredelemnul.
  6132 | D:4      | Killed Robin
  6266 | D:5      | Entered Level 5 of the Dungeon
  6300 | D:5      | Reached skill level 7 in Spellcasting
  6388 | D:5      | Noticed Blork the orc
  6419 | D:5      | Reached * piety under Sif Muna
  6419 | D:5      | Reached skill level 1 in Conjurations
  6448 | D:5      | Found Xiter's General Store.
  6542 | D:5      | Found a shattered altar of Ashenzari.
  6632 | D:5      | Noticed Pikel
  6661 | D:5      | Killed Pikel
  6661 | D:5      | Reached skill level 1 in Fighting
  6661 | D:5      | Reached skill level 1 in Throwing
  6661 | D:5      | Reached skill level 8 in Spellcasting
  6661 | D:5      | Reached XP level 8. HP: 41/43 MP: 13/22
  6723 | D:5      | Found Emebb's Weapon Emporium.
  6837 | D:5      | Found a white marble altar of Elyvilon.
  6873 | D:5      | Learned a level 3 spell: Mephitic Cloud
  6971 | D:5      | Killed Blork the orc
  6976 | D:5      | Noticed Duvessa
  6981 | D:5      | Noticed Dowan
  7100 | D:5      | Killed Dowan
  7100 | D:5      | Reached ** piety under Sif Muna
  7100 | D:5      | Reached skill level 9 in Spellcasting
  7135 | D:5      | Killed Duvessa
  7449 | D:6      | Got a pair of faintly humming boots
  7455 | D:6      | Identified the +1 pair of boots "Nolao" {Str+3} (You found it on level 6 of the Dungeon)
  7533 | D:6      | Gained mutation: Your magical capacity is low (-10% MP). [potion of mutation]
  7533 | D:6      | Gained mutation: You are resistant to hostile enchantments. [potion of mutation]
  7533 | D:6      | Gained mutation: You are clumsy. (Dex -2) [potion of mutation]
  7534 | D:6      | Lost mutation: You are clumsy. (Dex -2) [potion of cure mutation]
  7534 | D:6      | Lost mutation: Your magical capacity is low (-10% MP). [potion of cure mutation]
  7593 | D:6      | Reached skill level 1 in Air Magic
  7689 | D:6      | Reached skill level 10 in Spellcasting
  7805 | D:6      | Reached skill level 1 in Short Blades
  7977 | D:6      | Reached XP level 9. HP: 47/47 MP: 16/25
  8130 | D:6      | Reached *** piety under Sif Muna
  8271 | D:4      | Found an ancient bone altar of Kikubaaqudgha.
  8347 | D:4      | Found a basalt altar of Yredelemnul.
  8373 | D:4      | Found a staircase to the Ecumenical Temple.
  8482 | D:4      | Killed Edmund
  8867 | D:7      | Noticed barb4r1an's ghost (novice HOFi)
  9002 | D:7      | Reached skill level 11 in Spellcasting
  9438 | D:7      | Found a sparkling altar of Nemelex Xobeh.
  9745 | D:7      | Learned a level 2 spell: Cure Poison
  9900 | D:7      | Gained mutation: Your natural rate of healing is unusually fast. [mutagenic meat]
 10127 | D:7      | Noticed Menkaure
 10132 | D:7      | Killed Menkaure
 10672 | D:8      | Identified a scroll of acquirement
 10684 | D:8      | Identified a +2 pair of boots of running (You acquired it on level 8 of the Dungeon)
 10730 | D:8      | Reached **** piety under Sif Muna
 10730 | D:8      | Reached skill level 12 in Spellcasting
 10837 | D:8      | Found a sand-covered staircase.
 10846 | Ossuary  | Entered an ossuary
 11593 | D:8      | Found a staircase to the Lair.
 11658 | D:8      | Found a bloodstained altar of Trog.
 11658 | D:8      | Found an iron altar of Okawaru.
 11840 | D:8      | Reached XP level 10. HP: 52/52 MP: 19/28
 12424 | Lair:1   | Entered Level 1 of the Lair of Beasts
 12466 | Lair:1   | Found a frozen archway.
 12587 | IceCv    | Entered an ice cave
 12590 | IceCv    | Reached ***** piety under Sif Muna
 12591 | IceCv    | Reached skill level 13 in Spellcasting
 12774 | IceCv    | Noticed abixa's ghost (journeyman TrWr)
 12804 | IceCv    | Killed abixa's ghost
 12804 | IceCv    | Reached skill level 14 in Spellcasting
 12837 | IceCv    | Reached skill level 1 in Invocations
 12994 | IceCv    | Mangled by a freezing wraith

Vault maps used:
D:1:      erik_arrival_blinker_ship
D:2:      old_standard_altar, uniq_terence, uniq_natasha, uniq_iyjb
D:3:      first_bread, led_sif_book
D:4:      nicolae_overflow_hidden_temple, lemuel_doored_altar, temple_pool_b,
          minmay_crystal_room, uniq_edmund, uniq_robin
D:5:      nicolae_ashenzari_panopticon, marbit_many_paths, serial_shops,
          nicolae_shop_behind_doors, nicolae_shop_behind_doors,
          uniq_blork_the_orc, uniq_duvessa, uniq_pikel
D:7:      nicolae_overflow_crystal_walls, kennysheep_generic_room_10,
          uniq_menkaure
D:8:      grunt_temple_overflow_bloody_war, lair_0_dummy, enter_ossuary_1
Lair:1:   portal_ice_cave_entry_imps, serial_bayou_shore_a,
          infiniplex_staircase_pool_2, grunt_megastairs_4
Ossuary:  ossuary_tomb_2
IceCv:    ice_cave_small_necro

Skill      XL: |  1  2  3  4  5  6  7  8  9 10 |
---------------+-------------------------------+-----
Earth Magic    | 4 5 6 7 8 9 |  9.5
Spellcasting   | 4 6 8 10 12 14 | 14.3
Stealth        | 3 4 |  4.9
Dodging        | 3 4 |  4.2
Conjurations   | 1 2 3 4 |  4.9
Fighting       | 1 |  1.0
Throwing       | 1 |  1.5
Air Magic      | 1 3 |  3.7
Short Blades   | 1 |  1.0
Invocations    | 1 |  1.0
Transmutations | |  1.5

Action                   |  1- 3 |  4- 6 |  7- 9 | 10-12 || total
-------------------------+-------+-------+-------+-------++-------
Melee: Short sword       |    19 |    21 |   106 |       ||   146
       Dagger            |       |     6 |    27 |       ||    33
 Fire: Blowgun           |       |       |    15 |       ||    15
Throw: Stone             |       |     1 |       |       ||     1
 Cast: Sandblast         |    59 |   101 |   151 |    55 ||   366
       Stone Arrow       |       |     7 |    46 |    13 ||    66
       Passwall          |       |     3 |       |       ||     3
       Shock             |       |       |    60 |    18 ||    78
       Mephitic Cloud    |       |       |    15 |       ||    15
       Cure Poison       |       |       |     3 |       ||     3
       Lee's Rapid Decon |       |       |     1 |     2 ||     3
Invok: Channel Energy    |       |       |    20 |    10 ||    30
Evoke: Wand              |       |       |       |     2 ||     2
  Use: Scroll            |     1 |     6 |    11 |     2 ||    20
       Potion            |       |     5 |     8 |       ||    13
 Stab: Sleeping          |     3 |     8 |    10 |       ||    21
       Confused          |       |       |     1 |       ||     1
  Eat: Chunk             |     2 |    12 |    25 |     1 ||    40
       Royal jelly       |       |       |       |     1 ||     1
